Map: Moonlight Madness LE (Void)

Players

Javert - Winner!

  • Race: Zerg Zerg
  • League: Platinum

RadiantAura

  • Race: Terran Terran
  • League: Gold

VOD

Have the link to the VOD?

Description

Time

  • Played on: July 20, 2015, 11:46 p.m.
  • Length: 13:55
Show
View Real Time Build Order
Export as new Build Order

Javert Zerg - Winner!

Build Orders: Hatch First 

Get SALT Encoding   

  12  0:01  Drone  
  13  0:13  Overlord  
  13  0:18  Drone  
  14  0:31  Drone x2  
  14  0:35  Drone  
  17  0:54  Hatchery  
  16  0:57  Drone  
  16  1:02  Drone, Extractor  
  17  1:07  Drone  
  18  1:19  Spawning Pool  
  18  1:20  Drone  
  18  1:29  Drone  
  20  1:40  Drone  
  20  1:50  Drone  
  21  2:01  Overlord  
  21  2:07  Metabolic Boost  
  21  2:08  Queen  
  21  2:09  Queen  
  21  2:12  Zergling x2  
  21  2:15  Zergling x2  
  27  2:27  Drone  
  27  2:28  Drone x2  
  30  2:36  Drone  
  31  2:43  Drone  
  32  2:59  Drone  
  32  3:00  Drone x3  
  36  3:05  Hatchery  
  36  3:11  Drone  
  36  3:13  Overlord  
  35  3:30  Queen  
  36  3:41  Queen  
  36  3:43  Drone x6  
  36  3:46  Extractor  
  36  3:48  Spore Crawler  
  42  3:51  Spore Crawler  
  42  3:55  Spore Crawler  
  40  3:56  Drone x4  
  44  4:05  Overlord x2  
  44  4:13  Overlord  
  44  4:15  Extractor  
  44  4:16  Extractor  
  44  4:17  Lair  
  42  4:19  Zergling x12  
  49  4:38  Drone x3  
  49  4:39  Drone x5  
  49  4:43  Drone x5  
  61  5:00  Spine Crawler  
  60  5:20  Zergling x2  
  60  5:21  Zergling x16  
  53  5:38  Spire  
  33  5:53  Drone x6  
  33  5:54  Drone, Spine Crawler  
  35  6:01  Zergling x4  
  34  6:10  Zergling x6  
  27  6:15  Queen  
  27  6:16  Queen  
  28  6:21  Zergling x2  
  28  6:22  Zergling x4  
  30  6:31  Drone x3  
  33  6:40  Drone x2  
  33  6:41  Drone  
  36  6:47  Spore Crawler  
  35  6:55  Drone x3  
  38  7:08  Overlord  
  38  7:09  Drone x3  
  36  7:16  Mutalisk x2  
  39  7:23  Burrow  
  33  7:43  Mutalisk  
  33  7:44  Mutalisk  
  26  8:11  Mutalisk  
  27  8:21  Mutalisk  
  29  8:29  Drone x3  
  29  8:30  Drone x2  
  34  8:39  Drone x3  
  37  8:48  Drone x5  
  35  8:57  Drone x3  
  35  8:58  Drone x4  
  42  9:05  Drone x2  
  44  9:13  Drone x3  
  47  9:32  Zergling x12  
  53  9:44  Zergling x2  
  53  9:45  Zergling x4  
  56  9:46  Queen x2  
  60  9:57  Drone x3  
  61  10:04  Zergling x2  
  61  10:05  Zergling x4  
  57  10:17  Mutalisk x2  
  57  10:41  Queen  
  59  10:53  Hydralisk Den  
  59  10:55  Spine Crawler  
  57  11:00  Mutalisk  
  50  11:35  Zergling x8  
  50  11:36  Zergling x24  
  63  11:42  Drone  
  63  11:45  Extractor  
  63  11:47  Extractor  
  61  11:57  Overlord x3  
  58  12:06  Overlord x3  
  58  12:17  Drone x7  
  58  12:18  Drone x4  
  58  12:20  Queen  
  69  12:23  Drone x2  
  71  12:33  Overlord x2  
  61  12:57  Overlord  
  59  13:00  Overlord x2  
  59  13:01  Hydralisk x2  
  59  13:02  Hydralisk x3  
Show
View Real Time Build Order
Export as new Build Order

RadiantAura Terran 

Build Orders: Hellion Banshee 

Get SALT Encoding   

  12  0:02  SCV  
  13  0:14  SCV  
  14  0:22  Supply Depot  
  14  0:26  SCV  
  15  0:44  SCV  
  15  0:45  Barracks  
  15  0:49  Refinery  
  16  0:56  SCV  
  17  0:59  Refinery  
  17  1:08  SCV  
  18  1:20  SCV  
  20  1:34  Marine  
  20  1:36  Orbital Command  
  20  1:38  Factory  
  20  1:50  Supply Depot  
  20  1:55  Barracks Reactor  
  20  2:02  SCV  
  21  2:14  SCV  
  22  2:32  Starport  
  22  2:40  SCV, Armory  
  22  2:42  Hellion  
  22  2:43  Barracks Tech Lab  
  25  2:46  Hellion  
  27  2:52  SCV  
  28  3:03  Hellion  
  30  3:10  SCV  
  31  3:15  Supply Depot  
  31  3:18  Hellion  
  33  3:20  Banshee  
  31  3:35  SCV  
  30  3:47  SCV  
  31  3:59  SCV, Cloaking Field  
  32  4:03  Banshee  
  35  4:13  Hellion  
  35  4:15  Hellion  
  39  4:18  SCV  
  42  4:39  Hellion x2  
  42  4:40  SCV  
  45  5:00  Hellion  
  47  5:12  Hellion  
  47  5:27  Supply Depot  
  47  5:28  Supply Depot  
  46  5:44  Hellion x2  
  46  6:02  Hellion x3  
  46  6:05  Hellion x2  
  50  6:16  Viking  
  50  6:17  Marine  
  50  6:19  Hellion x4  
  50  6:22  Engineering Bay  
  44  6:34  Hellion x2  
  46  6:43  Marine  
  46  6:46  Viking  
  49  6:50  SCV, Factory, Missile Turret  
  50  6:56  Command Center  
  50  6:57  Hellion x2  
  54  7:03  Marine  
  55  7:10  SCV  
  56  7:21  Marine  
  56  7:22  SCV  
  56  7:28  Hellion x2  
  60  7:34  SCV  
  59  7:40  Hellion x3  
  53  7:49  Hellion x2  
  49  7:55  SCV  
  41  8:05  Marine  
  40  8:07  SCV  
  39  8:18  Hellion x2  
  39  8:22  Marine  
  40  8:32  Viking  
  42  8:39  SCV  
  42  8:40  Marine  
  44  8:45  Hellion x2  
  44  8:51  SCV  
  39  8:58  Marine  
  39  9:00  Widow Mine  
  39  9:01  Widow Mine  
  39  9:02  Viking  
  40  9:03  SCV  
  39  9:15  SCV  
  39  9:16  Marine  
  39  9:22  Hellion  
  41  9:27  SCV  
  42  9:34  Marine  
  43  9:39  SCV  
  44  9:51  Marine  
  43  10:05  Viking  
  50  10:07  Hellion x3  
  50  10:09  Marine  
  45  10:28  Hellion  
  48  10:36  Hellion  
  48  10:47  Hellion  
  50  11:03  Hellion  
  41  11:31  SCV  
  25  11:58  SCV  
  25  11:59  SCV  
  27  12:10  SCV  
  27  12:13  SCV  
  29  12:22  SCV  
  29  12:25  SCV  
  31  12:30  Factory Tech Lab  
  31  12:43  Hellion x2  
  35  12:55  SCV  
  32  13:04  Hellion  
Tags
 
Add a new tag
Caveats
  • Supply blocks, unpowered buildings, or Contaminate may cause inaccurate times.
  • Supply counts are checked every 10 seconds.